 Dungeon Crawl Stone Soup version 0.30-a0-824-g6c64550be9 (webtiles) character file.

Game seed: 478540226942930193

41 Nacht the Digger (level 3, 0/24 HPs)
             Began as a Demonspawn Earth Elementalist on Feb 27, 2023.
             Slain by Sigmund
             ... wielding a +4 scythe of protection
              (4 damage)
             ... on level 2 of the Dungeon.
             The game lasted 00:01:43 (1519 turns).

Nacht the Digger (Demonspawn Earth Elementalist)    Turns: 1519, Time: 00:01:44

Health: 0/24       AC:  2    Str:  8    XL:     3   Next: 32%
Magic:  0/6        EV: 12    Int: 18    God:
Gold:   46         SH:  4    Dex: 13    Spells: 0/6 levels left

rFire   . . .      SeeInvis .    j - +2 sling (freeze)
rCold   . . .      Faith    .    (no shield)
rNeg    . . .      Spirit   .    a - +0 robe
rPois   .          Reflect  .    (no helmet)
rElec   .          Harm     .    (no cloak)
rCorr   .          Rampage  .    (no gloves)
Will    .....                    (no boots)
Stlth   ++                       b - amulet of regeneration
HPRegen 1.04/turn                (no ring)
MPRegen 0.10/turn                (no ring)

@: no status effects
A: large bone plates 1
a: no special abilities


You were on level 2 of the Dungeon.
You visited 1 branch of the dungeon, and saw 2 of its levels.

You collected 46 gold pieces.

Inventory:

Hand Weapons
 j - a +2 sling of freezing (weapon)
Armour
 a - a +0 robe (worn)
Jewellery
 b - an amulet of regeneration (around neck)
Scrolls
 d - a scroll of enchant weapon {unknown}
 e - a scroll of identify {unknown}
 g - a scroll of noise {unknown}
 i - a scroll of teleportation {unknown}
Potions
 c - a potion of haste {unknown}
 f - 2 potions of curing {unknown}
 h - 3 potions of flight {unknown}
 k - a potion of mutation {unknown}
 l - a potion of heal wounds {unknown}


   Skills:
 - Level 1.7 Dodging
 - Level 1.7 Stealth
 - Level 2.0 Spellcasting
 + Level 0.4 Conjurations
 - Level 0.8 Transmutations
 + Level 4.0 Earth Magic


You couldn't memorise any spells.
You knew the following spells:

 Your Spells              Type           Power      Damage    Failure   Level
a - Sandblast             Erth           32%        2d9       3%          1
b - Stone Arrow           Conj/Erth      18%        3d8       22%         3
w - Passwall              Tmut/Erth      8%         N/A       10%         2

Your spell library contained the following spells:

 Spells                   Type           Power      Damage    Failure   Level
 Foxfire                  Conj/Fire      8%         2x1d4     17%         1
 Petrify                  Tmut/Erth      10%        N/A       54%         4


Dungeon Overview and Level Annotations

Branches:
Dungeon (2/15)

Altars:

Annotations:
D:2 Sigmund


Innate Abilities, Weirdness & Mutations

You are partially covered in large bone plates. (SH +4)


Message History

Sigmund is lightly wounded.
Sigmund closely misses you.
Casting: Sandblast (safe; 3% risk of failure)
Confirm with . or Enter, or press ? or * to list all spells.
Aiming: Sandblast (safe; 3% risk of failure)
Press: ? - help, Shift-Dir - straight line, f/p - Sigmund
Aim: Sigmund, wielding a +4 scythe of protection and wearing a +0 robe (lightly wounded, 80% to hit)
The blast of sand hits Sigmund but does no damage.
Sigmund is lightly wounded.
Sigmund misses you.
Casting: Sandblast (safe; 3% risk of failure)
Confirm with . or Enter, or press ? or * to list all spells.
Aiming: Sandblast (safe; 3% risk of failure)
Press: ? - help, Shift-Dir - straight line, f/p - Sigmund
Aim: Sigmund, wielding a +4 scythe of protection and wearing a +0 robe (lightly wounded, 80% to hit)
The blast of sand hits Sigmund.
Sigmund is lightly wounded.
Sigmund hits you from afar with a +4 scythe of protection!
Okay, then.
Casting: Sandblast (safe; 3% risk of failure)
Confirm with . or Enter, or press ? or * to list all spells.
Aiming: Sandblast (safe; 3% risk of failure)
Press: ? - help, Shift-Dir - straight line, f/p - Sigmund
Aim: Sigmund, wielding a +4 scythe of protection and wearing a +0 robe (lightly wounded, 80% to hit)
The blast of sand hits Sigmund but does no damage.
Sigmund is lightly wounded.
Sigmund gestures at you while chanting. The magic dart hits you!
Casting: Sandblast (safe; 3% risk of failure)
Confirm with . or Enter, or press ? or * to list all spells.
Aiming: Sandblast (safe; 3% risk of failure)
Press: ? - help, Shift-Dir - straight line, f/p - Sigmund
Aim: Sigmund, wielding a +4 scythe of protection and wearing a +0 robe (lightly wounded, 80% to hit)
The blast of sand hits the kobold!
You kill the kobold!
Sigmund gestures at you while chanting. The puff of flame hits you.
* * * LOW HITPOINT WARNING * * *
Sigmund hits you from afar with a +4 scythe of protection.
You die...

## ##)#..# .# #....####### .#
#..........#######
.#####................#######
.#.........####..............
....#......# ########.#####..
..#........# #...# ##.#
....#......# #...###.#.#
.#.###.....###..@...###...
.#.# ##.#.......)..)......#
.#.# .#.......@.........#
.#.# .#..............#....
.#.# ..###...##...## .).. .
...........# ....
..............
............... ..##. .......


You could see Sigmund.

Vanquished Creatures
  3 dart slugs (D:1)
  A ball python (D:2)
  4 endoplasms (D:1)
  2 giant cockroaches
  3 goblins
  2 hobgoblins (D:1)
  8 kobolds
  2 quokkas (D:1)
  3 bats (D:1)
  3 frilled lizards (D:1)
  2 rats (D:1)
33 creatures vanquished.

Notes
Turn   | Place    | Note
-------+----------+-------------------------------------------
     0 | D:1      | Nacht the Demonspawn Earth Elementalist began the quest for
                  | the Orb.
     0 | D:1      | Reached XP level 1. HP: 13/13 MP: 3/3
   217 | D:1      | Reached skill level 3 in Earth Magic
   268 | D:1      | Gained mutation: You are partially covered in large bone
                  | plates. (SH +4) [demonic ancestry]
   268 | D:1      | Reached XP level 2. HP: 19/19 MP: 3/5
   351 | D:1      | Found a faded altar of an unknown god.
   360 | D:1      | Got Plato's Anthology of Anthracomancy and Trauma
  1004 | D:1      | Reached XP level 3. HP: 24/24 MP: 4/6
  1042 | D:1      | Learned a level 3 spell: Stone Arrow
  1045 | D:1      | Learned a level 2 spell: Passwall
  1388 | D:2      | Reached skill level 4 in Earth Magic
  1513 | D:2      | Noticed Sigmund
  1519 | D:2      | Slain by Sigmund

Illustrated notes

Levels and vault maps discovered:
D:1:      dpeg_cavernosity, layout_basic, shapermc_ecumenical_altar_rom_forum
D:2:      layout_loops_ring, uniq_natasha, uniq_sigmund

Skill      XL: |  1  2  3 |
---------------+----------+-----
Earth Magic    | 3 4 |  4.0
Dodging        | |  1.7
Stealth        | |  1.7
Spellcasting   | |  2.0
Conjurations   | |  0.4
Transmutations | |  0.8

Action                     || total
---------------------------++-------
  Melee: Unarmed           ||    14
   Fire: Sling             ||     4
   Cast: Sandblast         ||    48
    Use: Potion            ||     1
 Armour: Robe              ||     9
  Dodge: Dodged            ||    30
  Block: Other             ||     1

Table legend: (Time is in decaauts)
 A = Elapsed time spent in this place.
 B = Non-inter-level travel time spent in this place.
 C = Inter-level travel time spent in this place.
 D = Time resting spent in this place.
 E = Time spent auto-exploring this place.
 F = Levels seen in this place.
 G = Mean time per level.
                   A        B        C        D        E       F      G
               +--------+--------+--------+--------+--------+-----+--------+
         Total |   1543 |   1443 |    100 |      0 |   1221 |   2 |  771.5 |
       Dungeon |   1543 |   1443 |    100 |      0 |   1221 |   2 |  771.5 |
               +--------+--------+--------+--------+--------+-----+--------+

Top non-repeatable levels by time:
     D:1: 1372 daAuts
     D:2: 171 daAuts
